 Dungeon Crawl Stone Soup version 0.30.0-29-ga12c61a403 (webtiles) character file.

Game seed: 7886529264995011458

81 monsoonserge the Magician (level 4, -4/31 HPs)
             Began as a Djinni Venom Mage on June 4, 2023.
             Killed by divine providence
             ... invoked by an orc priest
              (12 damage)
             ... on level 3 of the Dungeon.
             The game lasted 00:07:04 (1578 turns).

monsoonserge the Magician (Djinni Venom Mage)       Turns: 1578, Time: 00:07:04

Health: -4/31      AC:  4    Str:  7    XL:     4   Next: 68%
Gold:   30         EV: 11    Int: 19    God:
                   SH:  0    Dex: 13

rFire   + + .        i - +0 long sword
rCold   x . .        (no shield)
rNeg    . . .        q - +0 leather armour
rPois   ∞            h - +0 helmet
rElec   .            (no cloak)
rCorr   .            (no gloves)
SInv    .            (boots unavailable)
Will    .....        (no amulet)
Stlth   ++           (no ring)
HPRegen 0.25/turn    (no ring)
MPRegen 0.00/turn

%: infuse magic (-5 HP)
@: flying
A: sickness immunity, fire resistance 2, cold vulnerability 1, float, innate
caster, HP casting, extra vitality 1
a: no special abilities


You were on level 3 of the Dungeon.
You visited 1 branch of the dungeon, and saw 3 of its levels.

You collected 30 gold pieces.

Inventory:

Hand Weapons
 i - a +0 long sword (weapon)
 n - a +1 sling of freezing
Missiles
 d - 24 stones
 j - 7 poisoned darts (quivered)
Armour
 a - a +0 robe
 h - a +0 helmet (worn)
 p - a +0 ring mail
 q - a +0 leather armour (worn)
Scrolls
 c - a scroll of teleportation {unknown}
 e - a scroll of immolation {unknown}
 f - a scroll of noise {unknown}
 g - a scroll of fear {unknown}
 l - a scroll of enchant weapon {unknown}
 m - a scroll of vulnerability {unknown}
Potions
 b - a potion of might {unknown}
 k - a potion of haste
 o - a potion of degeneration {unknown}


   Skills:
 + Level 0.1 Ranged Weapons
 * Level 1.1 Armour
 + Level 2.2 Dodging
 + Level 1.7 Stealth
 * Level 3.7 Spellcasting


You knew the following spells:

 Your Spells              Type           Power      Damage    Failure   Level
a - Sting                 Tmut/Pois      68%        1d6       4%          1
b - Poisonous Vapours     Pois/Air       34%        N/A       7%          2
c - Mephitic Cloud        Conj/Pois/Air  17%        N/A       14%         3
d - Olgreb's Toxic Radia  Pois           17%        N/A       41%         4
e - Freeze                Ice            68%        1d8       4%          1
Your spell library was empty.

Dungeon Overview and Level Annotations

Branches:
Dungeon (3/15)

Altars:


Innate Abilities, Weirdness & Mutations

You are immune to sickness and miasma.
You are immune to poison.
Your flesh is very heat resistant. (rF++)
You are vulnerable to cold. (rC-)
You float through the air rather than walking.
You learn spells naturally, not from books.
Your magical power is your life essence.
You have superior vitality. (+4 MHP)


Message History

An orc comes into view. It is wielding a +0 flail.
Casting: Sting (safe; 4% risk of failure)
Confirm with . or Enter, or press ? or * to list all spells.
Aiming: Poisonous Vapours (safe; 7% risk of failure)
Press: ? - help, Dir - move target, f - orc priest, p - orc
Aim: an orc priest, wielding a +0 hand axe Poisonous vapours surround the orc priest!
The orc priest is poisoned.
You hit the orc.
You kill the orc!
An orc comes into view. It is wielding a +0 mace of venom.
Casting: Poisonous Vapours (safe; 7% risk of failure)
Confirm with . or Enter, or press ? or * to list all spells.
Aiming: Sting (safe; 4% risk of failure)
Press: ? - help, Shift-Dir - straight line, f/p - orc priest
Aim: an orc priest, wielding a +0 hand axe (lightly wounded, poisoned, 74% to hit)
The sting hits the orc priest.
The orc priest looks even sicker.
The orc priest is heavily wounded.
The orc shouts!
Casting: Sting (safe; 4% risk of failure)
Confirm with . or Enter, or press ? or * to list all spells.
Aiming: Sting (safe; 4% risk of failure)
Press: ? - help, Shift-Dir - straight line, f/p - orc priest
Aim: an orc priest, wielding a +0 hand axe (heavily wounded, very poisoned, 74% to hit)
The sting hits the orc priest.
The orc priest looks even sicker.
The orc priest is severely wounded.
The orc priest hits you with a +0 hand axe.
Press: ? - help, v - describe, . - travel
Here: an orc priest, wielding a +0 hand axe (severely wounded, very poisoned)
The floor.
The orc priest attacks as you move away!
The orc priest barely misses you.
You see here a hobgoblin corpse.
The orc priest mumbles some strange prayers to Beogh against you.
Pain shoots through your body!
* * * LOW HITPOINT WARNING * * *
Unknown command.
The orc priest calls down the wrath of Beogh upon you.
Beogh smites you!
You die...

#. #.
#.#####+###
#.#.......#
#.#o†@.<..#
#.........#
####.#(o†......#
....o.o........#
####.##).......#
.. #.######## ##
#.# #.# #.#


You could see an orc priest (very poisoned) and 3 orcs.

Vanquished Creatures
  4 adders
  An ufetubus (D:2)
  2 dart slugs (D:2)
  An orc (D:3)
  A ball python (D:2)
  2 bats (D:1)
  An endoplasm (D:2)
  2 giant cockroaches (D:1)
  8 hobgoblins
  3 quokkas
  A frilled lizard (D:2)
  4 goblins
  3 kobolds (D:1)
  A rat (D:1)
34 creatures vanquished.

Notes
Turn   | Place    | Note
-------+----------+-------------------------------------------
     0 | D:1      | monsoonserge the Djinni Venom Mage began the quest for the
                  | Orb.
     0 | D:1      | monsoonserge set off with the following spells memorised:
                  | Sting, Poisonous Vapours, Mephitic Cloud, Olgreb's Toxic
                  | Radiance.
     0 | D:1      | Reached XP level 1. HP: 15/15 MP: 0/0
   119 | D:1      | You are sucked into a shaft and drop 1 floor!
   375 | D:1      | Reached XP level 2. HP: 19/21 MP: 0/0
   782 | D:2      | Reached skill level 3 in Spellcasting
   874 | D:2      | Reached XP level 3. HP: 20/25 MP: 0/0
   874 | D:2      | Learned a level 1 spell: Freeze
   952 | D:2      | Found a faded altar of an unknown god.
  1247 | D:2      | Reached XP level 4. HP: 31/31 MP: 0/0
  1555 | D:3      | Reached skill level 1 in Armour
  1578 | D:3      | Killed from afar by an orc priest

Illustrated notes

Levels and vault maps discovered:
D:1:      kilobyte_arrival_exit_the_forest, layout_basic
D:2:      layout_basic, shapermc_ecumenical_altar_totnotflames,
          serial_park_tiny_pond
D:3:      minmay_razor_zed, layout_basic, lemuel_crystal_altar, uniq_natasha

Skill      XL: |  1  2  3  4 |
---------------+-------------+-----
Spellcasting   | 3 |  3.7
Armour         | 1 |  1.1
Ranged Weapons | |  0.1
Dodging        | |  2.2
Stealth        | |  1.7

Action                     |  1- 3 |  4- 6 || total
---------------------------+-------+-------++-------
  Melee: Dagger            |     3 |       ||     3
         Unarmed           |     1 |       ||     1
         Long sword        |     6 |     9 ||    15
   Fire: Sling             |     9 |       ||     9
  Throw: Dart              |       |     1 ||     1
   Cast: Sting             |    27 |    16 ||    43
         Poisonous Vapours |    13 |     7 ||    20
   Stab: Sleeping          |     2 |       ||     2
 Armour: Robe              |     5 |     1 ||     6
  Dodge: Dodged            |     6 |     5 ||    11
